 Dungeon Sprint DCSS version 0.30.1-9-gdf580d7c3d (webtiles) character file.

Game seed: 7895734536338947615

209 Heoruswealwe the Spear-Bearer (level 5, -3/53 HPs)
             Began as a Minotaur Fighter on Oct 23, 2023.
             Was an Initiate of Gozag.
             Slain by a two-headed ogre
             ... wielding a +0 giant spiked club
              (21 damage)
             ... in the Dungeon (Sprint IX: "|||||||||||||||||||||||||||||").
             The game lasted 00:01:21 (110 turns).

Heoruswealwe the Spear-Bearer (Minotaur Fighter)     Turns: 110, Time: 00:01:21

Health: -3/53      AC:  8    Str: 22    XL:     5   Next: 55%
Magic:  4/4        EV: 10    Int:  5    God:    Gozag
Gold:   0          SH:  0    Dex: 10    Spells: 4/4 levels left

rFire   . . .        b - +2 halberd (heavy)
rCold   . . .        (shield currently unavailable)
rNeg    . . .        c - +0 scale mail
rPois   .            (helmet restricted)
rElec   .            (no cloak)
rCorr   .            (no gloves)
SInv    .            (no boots)
Will    .....        (no amulet) Stlth
                     (no ring)
HPRegen 0.28/turn    (no ring)
MPRegen 0.09/turn

%: no teleportation
@: no status effects
A: horns 2, retaliatory headbutt
a: Renounce Religion, Potion Petition, Call Merchant, Bribe Branch


You were in the Dungeon.
You worshipped Gozag.
Gozag was noncommittal.
You visited 1 branch

Inventory:

Hand Weapons
 a - a +0 trident
 b - a +2 heavy halberd (weapon)
Armour
 c - a +0 scale mail (worn)
 d - a +0 buckler
Jewellery
 l - a +2 ring of evasion
 m - a +2 ring of protection
Wands
 h - a wand of iceblast (10)
Scrolls
 j - 2 scrolls of blinking
Potions
 e - 2 potions of heal wounds
 f - 4 potions of curing
 g - a potion of haste
 i - a potion of berserk rage
 k - a potion of might


   Skills:
 + Level 7.8 Fighting
 * Level 10.1 Polearms
 + Level 7.8 Armour
 - Level 3.6 Shields


You had 4 spell levels left.
You didn't know any spells.
Your spell library was empty.

Dungeon Overview and Level Annotations

Branches:
Dungeon (1/1)

Altars:
Cheibriados
Dithmenos
Elyvilon
Fedhas
Gozag
Hepliaklqana
Kikubaaqudgha
Makhleb
Nemelex Xobeh
Okawaru
Qazlal
Ru
Sif Muna
Trog
Uskayaw
Vehumet
Wu Jian
Xom
Yredelemnul
Zin
The Shining One
Jiyva
Lugonu


Innate Abilities, Weirdness & Mutations

You have a pair of horns on your head.
You reflexively headbutt those who attack you in melee.


Message History

There is a glowing silver altar of Zin here.
There is a glowing golden altar of the Shining One here.
You open the door.
Found five items.
Found a +1 chain mail.
There is an open door here.
Found a +2 ring of evasion.
e - 2 potions of heal wounds;
f - 4 potions of curing
Things that are here:
2 potions of magic; a potion of invisibility
Found a +2 ring of protection.
j - 2 scrolls of blinking (gained 1)
You see here 2 scrolls of amnesia.
h - a wand of iceblast (10)
Items here: )))))).
k - a +2 heavy halberd Adjust (i)tems, (s)pells, or (a)bilities?
k - a +2 heavy halberd Adjust to which letter? (? for menu, Esc to quit)
b - a +2 heavy halberd;
k - a potion of might You start removing your armour.
You continue taking off your +0 buckler. x4
You finish taking off your +0 buckler.
Unknown command.
b - a +2 heavy halberd (weapon)
You see here a +0 helmet.
You see here a +0 pair of gloves.
You see here a +1 chain mail.
l - a +2 ring of evasion
m - a +2 ring of protection You open the door.
A gnoll sergeant, a steam dragon, a troll, an orc warrior and 2 two-headed ogres come into view.
The gnoll sergeant is wielding a +0 spear of flaming.
The two-headed ogre shouts in stereo!
The gnoll sergeant shouts!
The troll shouts!
The orc warrior shouts!
The two-headed ogre shouts in stereo!
You closely miss the two-headed ogre. You headbutt the two-headed ogre!
The two-headed ogre is lightly wounded.
The two-headed ogre hits you with a +0 giant spiked club!!
You die...
Your body crumbles into a pile of gold.

$
▓g▓
$
▓O▓
$ $
▓D▓
$
▓T▓
$ $
▓.▓
▓o▓
$
▓O▓
▓@▓
$
▓.▓
▓[▓
$
▓[▓
▓[▓
$
▓.▓
$
▓)▓
$
▓?▓
$
▓!▓


You could see 2 two-headed ogres, a troll, a steam dragon, an orc warrior and a
gnoll sergeant.

Vanquished Creatures
  A water moccasin (D)
  A black bear (D)
  An ufetubus (D)
  2 orcs (D)
  A ball python (D)
  2 bats (D)
  A giant cockroach (D)
  A frilled lizard (D)
10 creatures vanquished.

Notes
Turn   | Place    | Note
-------+----------+-------------------------------------------
     0 | D        | Heoruswealwe the Minotaur Fighter began the quest for the
                  | Orb.
     0 | D        | Reached XP level 1. HP: 19/19 MP: 0/0
     6 | D        | Reached skill level 3 in Polearms
    31 | D        | Noticed a black bear
    31 | D        | Noticed a water moccasin
    44 | D        | Killed a water moccasin
    45 | D        | Reached skill level 8 in Polearms
    45 | D        | Reached XP level 2. HP: 6/31 MP: 1/1
    45 | D        | Reached XP level 3. HP: 7/38 MP: 2/2
    45 | D        | Reached XP level 4. HP: 9/45 MP: 3/3
    47 | D        | Killed a black bear
    48 | D        | Reached skill level 10 in Polearms
    48 | D        | Reached XP level 5. HP: 6/53 MP: 4/4
    53 | D        | HP: 2/53 [poisoned by a water moccasin]
    59 | D        | Found a snail-covered altar of Cheibriados.
    59 | D        | Found a shadowy altar of Dithmenos.
    59 | D        | Found a white marble altar of Elyvilon.
    59 | D        | Found a blossoming altar of Fedhas.
    59 | D        | Found an opulent altar of Gozag.
    60 | D        | Found a hazy altar of Hepliaklqana.
    61 | D        | Found a viscous altar of Jiyva.
    62 | D        | Found an ancient bone altar of Kikubaaqudgha.
    63 | D        | Found a corrupted altar of Lugonu.
    64 | D        | Found a burning altar of Makhleb.
    65 | D        | Found a sparkling altar of Nemelex Xobeh.
    66 | D        | Found an iron altar of Okawaru.
    67 | D        | Became a worshipper of Gozag Ym Sagoz the Greedy
    68 | D        | Found a stormy altar of Qazlal.
    69 | D        | Found a sacrificial altar of Ru.
    70 | D        | Found a shimmering blue altar of Sif Muna.
    71 | D        | Found a bloodstained altar of Trog.
    72 | D        | Found a hide-covered altar of Uskayaw.
    73 | D        | Found a radiant altar of Vehumet.
    74 | D        | Found an ornate altar of the Wu Jian Council.
    75 | D        | Found a shimmering altar of Xom.
    76 | D        | Found a basalt altar of Yredelemnul.
    77 | D        | Found a glowing silver altar of Zin.
    78 | D        | Found a glowing golden altar of the Shining One.
   109 | D        | Noticed a two-headed ogre
   109 | D        | Noticed a steam dragon
   109 | D        | Noticed a troll
   109 | D        | Noticed an orc warrior
   109 | D        | Noticed a two-headed ogre
   110 | D        | Slain by a two-headed ogre

Illustrated notes

Levels and vault maps discovered:
D:        linesprint [early_d, line_temple, items_1, d_10, items_2, lair_1,
          lair_end, items_3, orc_1, orc_end, items_4, d_15, swamp_1, shoals_1,
          snake_1, spider_1, d_20, vaults_1, items_5, swamp_end, shoals_end,
          snake_end, spider_end, vaults_end, d_27, items_6, zot_1, zot_end,
          crypt_end, forest_end, elf_end, slime_end, tomb_end, abyss_end,
          pan_hell_end]

Skill      XL: |  1  2  3  4 |
---------------+-------------+-----
Polearms       | 8 10 | 10.1
Fighting       | 6 7 |  7.8
Armour         | 6 7 |  7.8
Shields        | |  3.6

Action                     |  1- 3 |  4- 6 || total
---------------------------+-------+-------++-------
  Melee: Trident           |    21 |     8 ||    29
         Headbutt          |     2 |     5 ||     7
         Halberd           |       |     1 ||     1
    Use: Potion            |     2 |       ||     2
 Armour: Scale mail        |     8 |     1 ||     9
  Dodge: Dodged            |    15 |     5 ||    20
  Block: Buckler           |     2 |     1 ||     3
